[Event "33rd ECCC Open 2017"]
[Site "Antalya"]
[Date "2017.10.13"]
[Round "6"]
[White "Thorfinnsson, Bjorn"]
[Black "O'Connell, Gerard"]
[Result "1-0"]
[ECO "D80"]
[WhiteElo "2398"]
[BlackElo "2150"]
[Annotator "NA"]
[PlyCount "97"]
[EventType "team-tourn"]
[EventCountry "TUR"]
[SourceTitle "playchess.com"]
[Source "ChessBase"]
[SourceQuality "1"]
[WhiteTeam "Viking"]
[BlackTeam "Benildus"]
[TimeControl "40/5400+30:1800+30"]

1. d4 Nf6 2. c4 g6 3. Nc3 d5 4. Bg5 Ne4 5. Bh4 Nxc3 6. bxc3 dxc4 7. e3 Be6 8. Be2 {[%emt 0:00:00] D80: Grünfeld: Unusual White 4th moves and 4 Bg5} (8. Qb1 b6 9. Nh3 Bh6 10. Bg5 Bxg5 11. Nxg5 Qd5 12. Nxe6 Qxe6 13. Qb4 Qd5 14. Qxc4 Qxc4 15. Bxc4 e6 {1-0 (67) Nakamura,H (2785)-Giri,A (2771) Stavanger 2017}) 8... Bg7 9. Nh3 Bxh3 10. gxh3 O-O 11. Bg3 $146 ({Predecessor:} 11. Rb1 b6 12. Bxc4 Nc6 13. Qf3 Na5 14. Be2 Qd7 15. O-O e5 {½-½ (65) Leitao,R (2616)-Jumabayev,R (2604) Baku 2016}) 11... c5 12. Bxc4 cxd4 13. cxd4 Nc6 14. O-O Rc8 15. Rc1 e5 16. dxe5 Nxe5 17. Bb3 Rxc1 18. Qxc1 Qd7 19. Rd1 Rc8 20. Qa3 Qc6 21. Bxe5 Bxe5 22. Qe7 Qe4 23. Qxf7+ Kh8 $18 24. Be6 Qc2 25. Rd5 Qb1+ 26. Kg2 Qe4+ 27. Kf1 Qb1+ 28. Ke2 Rb8 29. Rd1 Qb4 30. Bb3 Rf8 31. Qe6 Qe4 32. Bd5 Qf5 33. f4 Qxe6 34. Bxe6 Bb8 35. Rd7 b6 36. Kf3 Re8 37. Bb3 Rf8 38. h4 h6 39. Kg4 Re8 40. e4 Rf8 41. e5 a5 42. Bc2 b5 43. Bxg6 b4 44. Rb7 Kg8 45. Kh5 a4 46. Rxb4 a3 47. Rb7 Rd8 48. e6 Rd5+ 49. f5 1-0

[Event "33rd ECCC Open 2017"]
[Site "Antalya"]
[Date "2017.10.13"]
[Round "6"]
[White "Saraci, Nderim"]
[Black "Sukovic, Andrej"]
[Result "1-0"]
[ECO "E92"]
[WhiteElo "2393"]
[BlackElo "2214"]
[Annotator "NA"]
[PlyCount "91"]
[EventType "team-tourn"]
[EventCountry "TUR"]
[SourceTitle "playchess.com"]
[Source "ChessBase"]
[SourceQuality "1"]
[WhiteTeam "Hasan Pristina"]
[BlackTeam "Elektroprivreda"]
[TimeControl "40/5400+30:1800+30"]

1. c4 Nf6 2. Nf3 g6 3. d4 Bg7 4. Nc3 O-O 5. e4 d6 6. Be2 e5 7. dxe5 dxe5 8. Qxd8 Rxd8 9. Bg5 Rf8 10. Nd5 Nxd5 11. cxd5 c6 12. Bc4 b5 13. Bb3 Bb7 14. Rd1 {[%emt 0:00:30] E92: Königsindisch (Klassisches System)} (14. dxc6 Bxc6 15. Nd2 Nd7 16. Rc1 Rfc8 17. Ke2 Bb7 18. Be3 a6 19. Rhd1 Rxc1 20. Rxc1 Rc8 21. Rxc8+ Bxc8 {0-1 (57) Mirzoev,A (2594)-Abasov,N (2510) Baku 2010}) 14... cxd5 15. Bxd5 Nc6 $146 ({Vorgänger:} 15... Bxd5 16. Rxd5 f6 17. Be3 a6 18. O-O Rc8 19. Rfd1 Nc6 20. Bc5 Na5 21. g4 Nb7 {1-0 (61) Melzer,P (2108)-Urbanc,P (1931) Prague 2012}) 16. h4 Rab8 17. h5 Nd4 18. hxg6 hxg6 19. Nxd4 Bxd5 20. exd5 exd4 21. Kd2 f6 22. Bh6 Rbd8 23. Bxg7 Kxg7 24. Rc1 $1 Rxd5 25. Rc7+ Rf7 26. Rh7+ Kxh7 27. Rxf7+ Kh6 28. Rxf6 a5 $16 29. Rf4 Kg5 30. Re4 Rf5 31. f3 Rf4 32. Re5+ Rf5 33. Re6 Rd5 34. Kd3 Kh5 35. Re1 Rc5 36. g3 g5 37. f4 gxf4 38. gxf4 Kg4 39. Re5 Rc4 40. Rxb5 Ra4 41. a3 Kxf4 42. Rd5 Kf3 43. Rxd4 Rxd4+ 44. Kxd4 Ke2 45. b4 a4 46. b5 1-0

[Event "33rd ECCC Open 2017"]
[Site "Antalya"]
[Date "2017.10.13"]
[Round "6"]
[White "Kjartansson, David"]
[Black "O`Connor, Eddie"]
[Result "1-0"]
[ECO "C48"]
[WhiteElo "2386"]
[BlackElo "2023"]
[Annotator "NA"]
[PlyCount "85"]
[EventType "team-tourn"]
[EventCountry "TUR"]
[SourceTitle "playchess.com"]
[Source "ChessBase"]
[SourceQuality "1"]
[WhiteTeam "Fjolnir"]
[BlackTeam "Gonzaga"]
[TimeControl "40/5400+30:1800+30"]

1. e4 e5 2. Nf3 Nc6 3. Nc3 Nf6 4. Bb5 Bc5 5. O-O d6 6. d3 Bg4 {[%emt 0:01:30] C48: Vierspringerspiel (Rubinstein-Variante)} (6... Bd7 7. Na4 Bb6 8. c3 Ne7 9. Nxb6 axb6 10. Bc4 Ng6 11. h3 Be6 12. Bxe6 fxe6 13. Qb3 Qe7 14. Ng5 {1-0 (43) Karjakin,S (2762)-Onischuk,A (2662) Baku 2015}) 7. h3 Bd7 8. Be3 Bb6 9. Qd2 $146 ({Vorgänger:} 9. a4 h6 10. Bxc6 Bxc6 11. a5 Bxe3 12. fxe3 a6 13. Ne2 Qd7 14. c4 {½-½ (82) Guzman,C (2259)-Mendez,R (2074) Santo Domingo 2016}) 9... h6 10. a3 Nh5 11. Nd5 Ne7 12. Nxb6 axb6 13. Bxd7+ Qxd7 14. d4 exd4 15. Nxd4 Nf6 16. f3 O-O 17. Rae1 Ra5 18. Nb3 Raa8 19. Bd4 Nh7 20. Bc3 f6 21. f4 Kh8 22. Nd4 c5 23. Nf3 Rfd8 24. Nh4 Nf8 25. Rf3 d5 26. exd5 Nf5 $2 (26... Nxd5 $14 27. Rd3 Qf7) 27. Nxf5 $18 {[%emt 0:04:30] is the narrow road to win.} (27. d6 $4 ) 27... Qxf5 28. d6 (28. g4) 28... Rd7 29. Re7 Rad8 30. g4 Qg6 31. f5 Qg5 32. Qxg5 hxg5 33. Rxd7 Rxd7 34. Rd3 Kg8 35. Be1 Kf7 36. Bg3 Ke8 37. Rb3 g6 38. Rxb6 gxf5 39. gxf5 Rh7 40. Kg2 Kd7 41. Rxb7+ $18 Kc6 42. Re7 Rh8 43. Rc7+ 1-0

[Event "33rd ECCC Open 2017"]
[Site "Antalya"]
[Date "2017.10.13"]
[Round "6"]
[White "Sylvan, Jacob"]
[Black "Bertagnolli, Alexander"]
[Result "1/2-1/2"]
[ECO "B90"]
[WhiteElo "2363"]
[BlackElo "2372"]
[Annotator "NA"]
[PlyCount "45"]
[EventType "team-tourn"]
[EventCountry "TUR"]
[SourceTitle "playchess.com"]
[Source "ChessBase"]
[SourceQuality "1"]
[WhiteTeam "Nordkalotten"]
[BlackTeam "Augusta Perusia"]
[TimeControl "40/5400+30:1800+30"]

1. e4 c5 2. Nf3 d6 3. d4 cxd4 4. Nxd4 Nf6 5. Nc3 {[%emt 0:00:00] LiveBook: 96193 Games} a6 6. h3 e5 7. Nde2 Be6 8. g4 {[%emt 0:02:00] B90: Sicilian Najdorf: Unusual White 6th moves, 6 Be3 Ng4 and 6 Be3 e5} d5 (8... Nbd7 9. Bg2 h6 10. O-O Rc8 11. a4 Be7 12. Be3 O-O 13. a5 Ne8 14. Ng3 Bg5 15. Nf5 Bxe3 16. Nxe3 {½-½ (59) Gopal,G (2558)-Kuzubov,Y (2667) Abu Dhabi 2014}) 9. g5 Nxe4 10. Nxe4 dxe4 11. Qxd8+ Kxd8 12. Bg2 Nc6 13. Bxe4 $146 ({Predecessor:} 13. Be3 Kc7 14. O-O-O Be7 15. Bxe4 Rhd8 {1-0 (57) Nikolic,M (2177)-Stankovic,M (2104) Belgrade 2005}) 13... f5 14. gxf6 gxf6 15. f4 Bc5 16. fxe5 fxe5 17. Bh6 Kc7 18. O-O-O Rad8 19. Nc3 Bd4 20. Ne2 Bc5 21. Nc3 $11 Bd4 22. Ne2 Bc5 23. Nc3 1/2-1/2

[Event "33rd ECCC Open 2017"]
[Site "Antalya"]
[Date "2017.10.13"]
[Round "6"]
[White "Csonka, Attila Istvan"]
[Black "Andonovski, Ljubisa"]
[Result "1-0"]
[ECO "B01"]
[WhiteElo "2347"]
[BlackElo "2286"]
[Annotator "NA"]
[PlyCount "63"]
[EventType "team-tourn"]
[EventCountry "TUR"]
[SourceTitle "playchess.com"]
[Source "ChessBase"]
[SourceQuality "1"]
[WhiteTeam "Dunajska Streda"]
[BlackTeam "Asseco See"]
[TimeControl "40/5400+30:1800+30"]

1. e4 d5 2. exd5 Qxd5 3. Nc3 Qd8 4. d4 Nf6 5. Nf3 Bg4 6. h3 Bxf3 7. Qxf3 c6 8. Be3 e6 9. Bd3 Nbd7 10. Qg3 Nh5 11. Qf3 Nhf6 12. O-O Bd6 13. Bg5 Qa5 14. Bd2 Qb6 15. Ne2 O-O 16. c4 c5 (16... Qd8 $14) 17. b4 cxb4 $16 18. c5 Nxc5 19. dxc5 Bxc5 20. Ng3 Rfd8 21. Bg5 Bd4 22. Rab1 h6 23. Bxf6 gxf6 24. Be4 f5 25. Bxb7 Rab8 26. Bc6 Qa5 27. Rbd1 Qxa2 28. Rxd4 Rxd4 29. Nxf5 exf5 30. Qg3+ Kh7 31. Qxb8 Rd2 32. Qxb4 1-0

[Event "33rd ECCC Open 2017"]
[Site "Antalya"]
[Date "2017.10.13"]
[Round "6"]
[White "Quillan, Gary"]
[Black "Burcu, Cagatay"]
[Result "1-0"]
[ECO "C03"]
[WhiteElo "2347"]
[BlackElo "2283"]
[Annotator "NA"]
[PlyCount "79"]
[EventType "team-tourn"]
[EventCountry "TUR"]
[SourceTitle "playchess.com"]
[Source "ChessBase"]
[SourceQuality "1"]
[WhiteTeam "3CS Oldham"]
[BlackTeam "Besiktas"]
[TimeControl "40/5400+30:1800+30"]

1. e4 e6 2. d4 d5 3. Nd2 Be7 4. e5 c5 5. Qg4 Kf8 6. dxc5 h5 7. Qg3 Nd7 8. Nb3 Qc7 9. Nf3 h4 10. Qf4 Rh5 11. Bd3 Nxe5 12. Bg6 $17 (12. O-O $15 Nxf3+ 13. Qxf3) 12... Nxf3+ 13. Qxf3 Re5+ 14. Be3 Nf6 15. Bd3 Rh5 16. g4 hxg3 17. hxg3 Rxh1+ 18. Qxh1 Ng8 19. O-O-O e5 20. Qxd5 Be6 21. Qe4 Rc8 22. f4 Bxb3 23. axb3 exf4 24. Bxf4 Qxc5 25. Qxb7 Rd8 26. Bc7 Re8 27. Bb5 Qb4 28. Qa6 Bg5+ 29. Kb1 Qg4 30. Rf1 Rc8 31. Qxa7 Be7 32. Bc4 Nh6 33. Bd6 Re8 34. Be5 f6 35. Bf4 g5 36. Be5 f5 37. Qb6 Qh5 38. Qe6 f4 39. g4 Qh3 40. Qg6 1-0

[Event "33rd ECCC Open 2017"]
[Site "Antalya"]
[Date "2017.10.13"]
[Round "6"]
[White "Kristensen, Kaare Hove"]
[Black "Barp, Alberto"]
[Result "0-1"]
[ECO "D31"]
[WhiteElo "2331"]
[BlackElo "2277"]
[Annotator "NA"]
[PlyCount "86"]
[EventType "team-tourn"]
[EventCountry "TUR"]
[SourceTitle "playchess.com"]
[Source "ChessBase"]
[SourceQuality "1"]
[WhiteTeam "Nordkalotten"]
[BlackTeam "Augusta Perusia"]
[TimeControl "40/5400+30:1800+30"]

1. d4 d5 2. c4 e6 3. Nc3 c6 4. e4 dxe4 5. Nxe4 Bb4+ 6. Bd2 Qxd4 7. Bxb4 Qxe4+ 8. Ne2 Na6 9. Bf8 Ne7 10. Bxg7 {[%emt 0:00:30] D31: Queen's Gambit Declined: Semi-Slav without ...Nf6 (+ Marshall Gambit and Noteboom) and Exchange Variation lines without ...Nf6} Nb4 11. Qd6 Nd3+ 12. Kd2 Nf5 13. Qxd3 Qxd3+ 14. Kxd3 Nxg7 15. Kc3 Ke7 {[%emt 0:06:00] [#]} 16. Rd1 $146 ({Predecessor:} 16. Re1 Bd7 17. g3 Rad8 {½-½ (54) Aleksandrov,A (2617)-Zhigalko,S (2668) Minsk 2010}) 16... e5 17. f4 e4 18. Nd4 h5 19. g3 f5 20. Bg2 Kf6 21. h3 Ne6 22. Nxe6 ({Better is} 22. Ne2 $15) 22... Bxe6 $17 23. g4 fxg4 24. Bxe4 Rad8 25. hxg4 Bxg4 26. Rxd8 Rxd8 27. b4 Rd1 28. Rxd1 Bxd1 29. b5 cxb5 30. c5 h4 31. Bxb7 h3 32. Be4 a5 33. Kd4 b4 34. c6 b3 35. axb3 Bxb3 36. f5 Ba4 37. Kc5 h2 38. c7 Bd7 39. Kd6 Bc8 40. Kc5 Ke5 41. f6 Kxf6 42. Kb5 Ke5 43. Bg2 Kd6 0-1

[Event "33rd ECCC Open 2017"]
[Site "Antalya"]
[Date "2017.10.13"]
[Round "6"]
[White "Gantner, Matthias"]
[Black "Germanavicius, Sarunas"]
[Result "0-1"]
[ECO "B90"]
[WhiteElo "2324"]
[BlackElo "2326"]
[Annotator "NA"]
[PlyCount "90"]
[EventType "team-tourn"]
[EventCountry "TUR"]
[SourceTitle "playchess.com"]
[Source "ChessBase"]
[SourceQuality "1"]
[WhiteTeam "White Rose"]
[BlackTeam "MAKABI"]
[TimeControl "40/5400+30:1800+30"]

1. e4 c5 2. Nf3 d6 3. d4 cxd4 4. Nxd4 Nf6 5. Nc3 a6 6. h4 {[%emt 0:00:00] B90: Sicilian Najdorf: Unusual White 6th moves, 6 Be3 Ng4 and 6 Be3 e5} (6. a4 g6 7. Be2 Bg7 8. O-O O-O 9. Be3 Nc6 10. Qd2 Rb8 11. h3 Bd7 12. Rfd1 Qc7 13. Nb3 {½-½ (13) Grischuk,A (2783)-Vachier Lagrave,M (2804) Tbilisi 2017}) 6... e5 7. Nb3 Be6 8. f4 exf4 9. Bxf4 Be7 10. Qd2 Nc6 11. O-O-O Ne5 12. h5 $146 ({Predecessor:} 12. Nd4 O-O 13. Nf5 Bxf5 14. exf5 {1-0 (40) Nihal,S (2483)-Thilakarathne,G (2053) Douglas 2017}) 12... Rc8 13. Qe1 Qc7 14. Nd4 b5 15. a3 O-O 16. Nf5 Bxf5 17. exf5 Rfe8 18. g4 Nexg4 19. Bd3 Qb6 20. Qd2 d5 21. Rdg1 b4 22. Na4 Qc6 23. b3 bxa3 24. Kb1 Bc5 25. Nxc5 Qxc5 26. Ka2 a5 27. Rg2 a4 28. b4 Qd4 29. Rb1 h6 30. Ba6 Rxc2+ 31. Qxc2 Qxf4 32. Re2 Ne4 33. Bd3 Qe5 34. Kxa3 Qxf5 35. b5 Rc8 36. Bxe4 dxe4 37. Qxe4 Rc3+ 38. Kxa4 Qc5 39. Qa8+ Kh7 40. Rb4 Nf6 41. Rd2 Rc1 42. Qg2 Ra1+ 43. Ra2 Nd5 44. Qe4+ f5 45. Qxf5+ Kh8 0-1

[Event "33rd ECCC Open 2017"]
[Site "Antalya"]
[Date "2017.10.13"]
[Round "6"]
[White "Longson, Alexander"]
[Black "Atakisi, Umut"]
[Result "1/2-1/2"]
[ECO "B51"]
[WhiteElo "2317"]
[BlackElo "2361"]
[Annotator "NA"]
[PlyCount "45"]
[EventType "team-tourn"]
[EventCountry "TUR"]
[SourceTitle "playchess.com"]
[Source "ChessBase"]
[SourceQuality "1"]
[WhiteTeam "3CS Oldham"]
[BlackTeam "Besiktas"]
[TimeControl "40/5400+30:1800+30"]

1. e4 c5 2. Nf3 Nc6 3. Bb5 d6 4. O-O Bd7 5. Re1 Nf6 6. c3 a6 7. Bf1 Bg4 8. h3 Bxf3 9. Qxf3 e6 {[%emt 0:00:00] B51: Sicilian: Moscow Variation (3 Bb5+) without 3...Bd7} 10. d3 Be7 11. Nd2 O-O 12. Qe2 d5 13. g3 b5 $146 ({Predecessor:} 13... Qc7 14. Nf3 c4 15. dxc4 Nxe4 16. Bf4 Qb6 17. Be3 {1-0 (68) Predojevic,B (2600)-Cebalo,M (2402) Zadar 2012}) 14. Bg2 Rc8 15. e5 Nd7 16. f4 b4 17. Nf3 bxc3 18. bxc3 Qa5 19. Qc2 Rb8 20. Bd2 $11 Qa3 21. Bc1 Qa5 22. Bd2 Qa3 23. Bc1 1/2-1/2

[Event "33rd ECCC Open 2017"]
[Site "Antalya"]
[Date "2017.10.13"]
[Round "6"]
[White "Nikac, Predrag"]
[Black "Makolli, Perparim"]
[Result "1-0"]
[ECO "B42"]
[WhiteElo "2305"]
[BlackElo "2333"]
[Annotator "NA"]
[PlyCount "63"]
[EventType "team-tourn"]
[EventCountry "TUR"]
[SourceTitle "playchess.com"]
[Source "ChessBase"]
[SourceQuality "1"]
[WhiteTeam "Elektroprivreda"]
[BlackTeam "Hasan Pristina"]
[TimeControl "40/5400+30:1800+30"]

1. e4 c5 2. Nf3 e6 3. d4 cxd4 4. Nxd4 a6 5. Bd3 Nf6 6. O-O Qc7 7. Be3 d5 8. Nc3 {[%emt 0:11:30] B42: Sicilian: Kan Variation: 5 Bd3} dxe4 9. Nxe4 Nbd7 10. Nxf6+ Nxf6 11. Re1 Be7 12. Qf3 O-O 13. Rad1 Nd5 $146 ({Predecessor:} 13... Bd6 14. h4 Bh2+ 15. Kh1 {1-0 (44) Ziatdinov,R (2424)-Kuporosov,V (2473) Vladimir 2004}) 14. Bd2 Bf6 15. Qe4 g6 16. c4 Ne7 17. b4 e5 18. Nb3 Bf5 19. Qf3 Bg7 20. Bg5 Bxd3 21. Rxd3 f6 $11 22. Be3 f5 23. Qd1 Rfd8 24. Nc5 Rxd3 25. Qxd3 Rd8 26. Qb3 Qc8 27. Bg5 Kf7 28. Nd3 Qc7 29. c5+ Ke8 30. Nf4 Nc6 31. Qg8+ Bf8 32. Ne6 1-0

[Event "33rd ECCC Open 2017"]
[Site "Antalya"]
[Date "2017.10.13"]
[Round "6"]
[White "Reimanis, Ritvars"]
[Black "Roobol, Martin"]
[Result "0-1"]
[ECO "B06"]
[WhiteElo "2294"]
[BlackElo "2289"]
[Annotator "NA"]
[PlyCount "80"]
[EventType "team-tourn"]
[EventCountry "TUR"]
[SourceTitle "playchess.com"]
[Source "ChessBase"]
[SourceQuality "1"]
[WhiteTeam "Riga"]
[BlackTeam "Leiden"]
[TimeControl "40/5400+30:1800+30"]

1. d4 g6 2. e4 Bg7 3. Ne2 d6 4. Be3 Nc6 5. f3 e5 6. d5 Nce7 7. c4 f5 8. Nec3 Bh6 9. Bf2 Nf6 10. Be2 O-O 11. c5 Nh5 12. g3 fxe4 13. fxe4 Nf6 14. Na3 Bh3 15. Rg1 Nd7 16. cxd6 (16. Bf1 $17 {was necessary.} Rxf2 17. Kxf2 Qf8+ 18. Ke1) 16... cxd6 17. Bf3 Rc8 18. Qe2 Qa5 19. Nab1 Rf7 $19 20. Be3 Bxe3 21. Qxe3 Qb4 22. a3 Qd4 23. Ke2 Rxf3 24. Qxd4 exd4 25. Kxf3 Ne5+ 26. Ke2 Bg4+ 27. Kf2 Rf8+ 28. Kg2 Bf3+ 29. Kh3 dxc3 30. Nxc3 g5 31. g4 N7g6 32. Kg3 Bxg4 33. Rgf1 Nf4 34. h3 Bd7 35. Rac1 Kg7 36. Kh2 Rf6 37. Nd1 Rh6 38. Nf2 Bxh3 39. Rc7+ Kg6 40. Re1 Nf3+ 0-1

[Event "33rd ECCC Open 2017"]
[Site "Antalya"]
[Date "2017.10.13"]
[Round "6"]
[White "Kokkila, Tero"]
[Black "Jashari, Ardian"]
[Result "0-1"]
[ECO "B33"]
[WhiteElo "2290"]
[BlackElo "2116"]
[Annotator "NA"]
[PlyCount "83"]
[EventType "team-tourn"]
[EventCountry "TUR"]
[SourceTitle "playchess.com"]
[Source "ChessBase"]
[SourceQuality "1"]
[WhiteTeam "Etela-Vantaan"]
[BlackTeam "Dardania"]
[TimeControl "40/5400+30:1800+30"]

1. e4 c5 2. Nf3 Nc6 3. d4 cxd4 4. Nxd4 Nf6 {[%emt 0:00:00] LiveBook: 27930 Partien} 5. Nc3 e5 6. Ndb5 d6 7. Bg5 a6 8. Na3 b5 9. Nd5 Be7 10. Bxf6 Bxf6 11. c4 b4 12. Nc2 a5 13. Qf3 {[%emt 0:00:00] B33: Sicilian: Pelikan and Sveshnikov Variations} (13. g3 Bg5 14. h4 Bh6 15. Bh3 Bb7 16. Qh5 Ne7 17. Nf6+ Kf8 18. Rd1 Ng6 19. Nd5 Ne7 20. Nf6 Ng6 {½-½ (49) Saric,I (2662)-Ivanchuk,V (2727) Mali Losinj 2017}) 13... Bg5 14. h4 Bh6 15. g4 Bf4 16. Rd1 O-O 17. Be2 Be6 $146 ({Predecessor:} 17... a4 18. Nxf4 exf4 19. Qxf4 b3 20. axb3 axb3 {1-0 (34) Kovchan,A (2543)-Chernobay,A (2398) Dagomys 2009}) 18. Nxf4 exf4 19. Qxf4 Ne5 20. b3 Qc7 21. Nd4 d5 {[%emt 0:04:30] [#]} 22. Qg3 $11 (22. Kf1 $1 $16) 22... dxe4 23. h5 Rad8 24. h6 Nd3+ 25. Rxd3 Qxg3 26. Rxg3 Rxd4 27. hxg7 Kxg7 28. Rh5 Ra8 29. Re3 a4 30. f4 exf3 31. Bxf3 axb3 32. Bxa8 bxa2 33. Rg5+ Kf8 34. Ra5 Bxc4 35. Bc6 Rxg4 36. Kd2 Rg1 37. Re4 b3 38. Rxc4 b2 39. Be4 b1=Q 40. Rc8+ Kg7 41. Bxb1 axb1=Q 42. Rd8 0-1

[Event "33rd ECCC Open 2017"]
[Site "Antalya"]
[Date "2017.10.13"]
[Round "6"]
[White "Apaydin, Fethi"]
[Black "Walton, Alan J"]
[Result "1-0"]
[ECO "C00"]
[WhiteElo "2262"]
[BlackElo "2207"]
[Annotator "NA"]
[PlyCount "59"]
[EventType "team-tourn"]
[EventCountry "TUR"]
[SourceTitle "playchess.com"]
[Source "ChessBase"]
[SourceQuality "1"]
[WhiteTeam "Besiktas"]
[BlackTeam "3CS Oldham"]
[TimeControl "40/5400+30:1800+30"]

1. e4 e6 2. d3 d5 3. Nd2 Nf6 4. e5 Nfd7 5. f4 c5 6. g3 {[%emt 0:00:30] C00: French: Unusual White 2nd moves} Nc6 7. Ndf3 b5 8. Bh3 b4 9. Ne2 a5 $146 ({Predecessor:} 9... Qb6 10. O-O Be7 11. g4 h5 12. g5 g6 13. Be3 a5 14. c4 d4 15. Bc1 Bf8 {½-½ (39) Degraeve,J (2515)-Santo Roman,M (2385) Auxerre 1996}) 10. O-O g6 11. g4 Be7 12. Ng3 Ba6 13. Rf2 Qb6 14. c3 O-O-O 15. d4 Rdg8 16. Be3 c4 17. Kh1 Bb7 18. Rc1 h5 19. gxh5 g5 $18 ({Black should try} 19... Kb8 $14) 20. Nxg5 Bxg5 21. fxg5 Ncxe5 22. cxb4 axb4 23. Bg2 f5 24. h3 Bc6 25. Rd2 Kb7 26. Bf4 Nd3 27. Rxd3 cxd3 28. Qxd3 Rc8 29. Re1 Bb5 30. Qe3 1-0

[Event "33rd ECCC Open 2017"]
[Site "Antalya"]
[Date "2017.10.13"]
[Round "6"]
[White "Aleksic, Nenad C"]
[Black "Fejzullahu, Afrim"]
[Result "1/2-1/2"]
[ECO "D02"]
[WhiteElo "2261"]
[BlackElo "2272"]
[Annotator "NA"]
[PlyCount "61"]
[EventType "team-tourn"]
[EventCountry "TUR"]
[SourceTitle "playchess.com"]
[Source "ChessBase"]
[SourceQuality "1"]
[WhiteTeam "Elektroprivreda"]
[BlackTeam "Hasan Pristina"]
[TimeControl "40/5400+30:1800+30"]

1. d4 Nf6 2. Nf3 g6 3. g3 Bg7 4. Bg2 O-O 5. O-O d5 6. c3 c6 7. Nbd2 Bg4 {[%emt 0:07:30] D02: 1 d4 d5 2 Nf3 sidelines, including 2...Nf6 3 g3 and 2...Nf6 3 Bf4} (7... Bf5 8. Nh4 Bg4 9. Qe1 Nbd7 10. h3 Be6 11. f4 c5 12. g4 Nb6 13. f5 Bd7 14. Ndf3 cxd4 15. cxd4 Ne4 16. Ne5 {½-½ (36) Artemiev,V (2696)-Mamedyarov,S (2791) Sochi 2017}) 8. Re1 Nbd7 9. h3 Bxf3 10. exf3 $146 ({Predecessor:} 10. Nxf3 Re8 11. Bf4 Nh5 12. Qd2 Nxf4 13. Qxf4 e5 14. dxe5 Nxe5 15. Nxe5 Bxe5 16. Qf3 f5 17. e3 Qc7 18. Rad1 Rad8 19. Rd2 Bg7 20. Red1 Qe7 21. Rd3 Kh8 22. R1d2 {½-½ (22) Faessler,M (1800)-Baumann,C (1800) Biel 1981}) 10... Re8 11. f4 c5 12. Nb3 cxd4 13. Nxd4 e6 14. Be3 a6 15. Nf3 Rc8 16. Bd4 Nb8 17. Ne5 Nfd7 18. Nxd7 Qxd7 19. Bxg7 Kxg7 20. Qd4+ Kg8 21. Rad1 Qb5 22. Rd2 Nc6 23. Qf6 $11 Qc5 24. f5 gxf5 25. Qg5+ Kh8 26. Qf6+ Kg8 27. Qg5+ Kh8 28. Qf6+ Kg8 29. Qg5+ Kh8 30. Qf6+ Kg8 31. Qg5+ 1/2-1/2

[Event "33rd ECCC Open 2017"]
[Site "Antalya"]
[Date "2017.10.13"]
[Round "6"]
[White "Bednarich, Jan"]
[Black "Aslan, Lina"]
[Result "1-0"]
[ECO "D06"]
[WhiteElo "2224"]
[BlackElo "1535"]
[Annotator "NA"]
[PlyCount "133"]
[EventType "team-tourn"]
[EventCountry "TUR"]
[SourceTitle "playchess.com"]
[Source "ChessBase"]
[SourceQuality "1"]
[WhiteTeam "Bonnevoie"]
[BlackTeam "Hatay"]
[TimeControl "40/5400+30:1800+30"]

1. Nf3 d5 2. c4 Nf6 3. cxd5 Nxd5 4. e4 Nf6 5. Nc3 e6 6. d4 Be7 7. Bf4 {[%emt 0:02:30] D06: Queen's Gambit: Symmetrical and Baltic Defences} (7. Bc4 O-O 8. O-O Bd7 9. Qe2 Nc6 10. Bf4 Re8 11. Rfd1 Bf8 12. Bg5 h6 13. Bh4 e5 14. Nd5 Nxd4 15. Nxd4 exd4 {1-0 (22) Nguyen Huynh Minh,H (2476)-Tran,Q (2270) Da Lat 2014}) 7... a6 8. Rc1 O-O 9. Bd3 c5 $146 ({Predecessor:} 9... Nc6 10. Bb1 Bb4 11. e5 Nd5 12. Qd3 g6 13. Bh6 Re8 14. h4 Bf8 15. Bxf8 Rxf8 {1-0 (26) De Souza Monteiro,M (2029)-Pereira Fo,H (1828) Belem 2013}) 10. dxc5 Bxc5 11. O-O Be7 12. Qc2 Nc6 13. a3 Qa5 14. Bd2 ({White should try} 14. e5 $16 Nh5 15. Bd2 (15. Bxh7+ Kh8 $16)) 14... Qc7 15. h3 Bd7 16. Rfe1 Bd6 17. Qd1 Be5 18. Nxe5 Qxe5 19. Bb1 Rac8 20. Be3 Qa5 21. f4 $16 Ne7 22. Qd2 Qh5 23. Qf2 Rfd8 24. Bb6 Re8 25. Re3 Ng6 26. Rf1 Bb5 27. Rfe1 Nd7 28. Bd4 e5 29. fxe5 Ndxe5 30. Nd5 Rc4 31. Bc3 Bc6 32. Ba2 Rc5 33. Bd4 Ra5 34. Bc3 Rc5 35. Rg3 Bd7 36. Qxc5 Qh4 37. Qf2 Bb5 38. Bb1 Qd8 39. Bc2 f6 40. Rd1 Qc8 41. Re3 Nc4 42. Ree1 Bc6 43. Bb3 b5 44. Qc5 Kh8 45. Nb4 Nce5 46. Nxc6 Nxc6 47. Bd5 Nce5 48. Qxc8 Rxc8 49. Be6 Re8 50. Bf5 Nc4 51. Rd7 Nge5 52. Rd5 g6 53. Bd7 Rd8 54. Bxe5 Nxe5 55. Red1 Nc4 56. Bg4 Re8 57. Rd8 Rxd8 58. Rxd8+ Kg7 59. Ra8 Nxb2 60. Rxa6 Nc4 61. Be2 Nd2 62. Bxb5 Nxe4 63. Bf1 Nc5 64. Rc6 Na4 65. Bb5 Nb2 66. a4 Nxa4 67. Bxa4 1-0

[Event "33rd ECCC Open 2017"]
[Site "Antalya"]
[Date "2017.10.13"]
[Round "6"]
[White "Marsili, Riccardo"]
[Black "Jakobsen, Peter"]
[Result "0-1"]
[ECO "A37"]
[WhiteElo "2219"]
[BlackElo "2182"]
[Annotator "NA"]
[PlyCount "84"]
[EventType "team-tourn"]
[EventCountry "TUR"]
[SourceTitle "playchess.com"]
[Source "ChessBase"]
[SourceQuality "1"]
[WhiteTeam "Augusta Perusia"]
[BlackTeam "Nordkalotten"]
[TimeControl "40/5400+30:1800+30"]

1. c4 c5 2. g3 Nc6 3. Bg2 g6 4. Nc3 Bg7 5. Nf3 e5 6. O-O Nge7 7. a3 O-O 8. Rb1 a5 9. Ne1 d6 10. Nc2 Be6 11. d3 d5 12. cxd5 Nxd5 13. Ne3 Nde7 14. Nc4 Rb8 {[%emt 0:06:30] A37: Symmetrical English vs ...g6: 4 Bg2 Bg7 5 Nf3} 15. Qa4 (15. Bg5 f6 16. Be3 Nd4 17. b4 axb4 18. axb4 b5 19. Nd2 cxb4 20. Rxb4 Qa5 21. Qb1 Nec6 22. Bxc6 Nxc6 {1-0 (68) Anand,V (2785)-Tregubov,P (2607) Bastia 2014}) 15... Bd7 16. Qd1 $146 ({Predecessor:} 16. Qb5 b6 17. Qa6 Bc8 18. Qb5 Nd4 19. Qa4 b5 20. Qxa5 bxc4 21. Qxc5 cxd3 22. exd3 Bb7 23. Ne4 f5 24. Bg5 Re8 25. Nd6 Bxg2 26. Nxe8 Bxf1 27. Nf6+ Bxf6 28. Bxf6 Qd5 {0-1 (28) Ask,J (2103)-Bjarnehag,P (2257) Stockholm 1999}) 16... b5 17. Ne3 Nd4 18. Bd2 a4 19. Ned5 Nxd5 20. Nxd5 Bg4 21. Re1 Be6 22. e4 f5 23. Bc3 Nb3 24. f4 fxe4 25. dxe4 $15 Bxd5 26. exd5 exf4 27. gxf4 Rxf4 28. Bxg7 Kxg7 29. Qe2 Qf6 30. Rbd1 Nd4 31. Qe7+ Qxe7 32. Rxe7+ Rf7 33. Rde1 Rd8 34. Re8 Rd6 35. Rc8 c4 36. Rd1 Ne2+ 37. Kh1 Nf4 38. Rb8 Nd3 39. Rd2 Re7 40. Bf3 Rf6 41. Bd1 Rf2 42. Rxf2 Nxf2+ 0-1